 Dungeon Crawl Stone Soup version 0.29-a0-364-g921d912d32 (webtiles) character file.

Game seed: 7101941775806281422

23 lesaewzxc the Vexing (level 3, -1/20 HPs)
             Began as a Kobold Arcane Marksman on Apr 30, 2022.
             Was a Follower of Wu Jian.
             Slain by a goblin
             ... wielding a +0 dagger
              (3 damage)
             ... on level 3 of the Dungeon.
             The game lasted 00:11:41 (1043 turns).

lesaewzxc the Vexing (Kobold Arcane Marksman)       Turns: 1043, Time: 00:11:41

Health: -1/20      AC:  2    Str:  7    XL:     3   Next: 10%
Magic:  5/5        EV: 15    Int: 14    God:    Wu Jian [*.....]
Gold:   52         SH:  0    Dex: 17    Spells: 4/5 levels left

rFire   . . .      SeeInvis .   a - +0 hand crossbow
rCold   . . .      Faith    .   (no shield)
rNeg    . . .      Spirit   .   d - +0 robe
rPois   .          Reflect  .   (no helmet)
rElec   .          Harm     .   (no cloak)
rCorr   .          Rampage  .   (no gloves)
Will    .....                   (no boots)
Stlth   +++.......              (no amulet)
HPRegen 0.06/turn               (no ring)
MPRegen 0.09/turn               (no ring)

@: no status effects
A: small, no large weapons, nightstalker 3
a: Renounce Religion


You were on level 3 of the Dungeon.
You worshipped Wu Jian.
Wu Jian was aware of your devotion.
You visited 1 branch of the dungeon, and saw 3 of its levels.

You collected 75 gold pieces.
You spent 23 gold pieces at shops.

Inventory:

Hand Weapons
 a - a +0 hand crossbow (weapon)
Missiles
 e - 16 stones
Armour
 d - a +0 robe (worn)
Scrolls
 b - a scroll of identify {unknown}
 c - a scroll of vulnerability


   Skills:
 + Level 1.6 Fighting
 + Level 3.1 Crossbows
 + Level 2.8 Dodging
 + Level 1.5 Spellcasting
 + Level 3.2 Hexes


You had 4 spell levels left.
You knew the following spells:

 Your Spells              Type           Power      Damage    Failure   Level
a - Slow                  Hex            40%        N/A       7%          1

Your spell library contained the following spells:

 Spells                   Type           Power      Damage    Failure   Level
 Inner Flame              Hex/Fire       5%         N/A       36%         3
 Portal Projectile        Hex/Tloc       10%        N/A       36%         3
 Cause Fear               Hex            5%         N/A       54%         4


Dungeon Overview and Level Annotations

Branches:
Dungeon (3/15)

Altars:
Wu Jian

Shops:
D:1 (*   D:2 =


Innate Abilities, Weirdness & Mutations

You are small and have problems with some larger weapons.
You are completely attuned to the shadows.


Message History

The Council accepts your kill. Something hits you. Something hits you.
Something hits you. Something hits you but does no damage.
Something barely misses you. Something hits you.
An endoplasm comes into view.
Something hits you.
The endoplasm moves out of view.
Something hits you.
Shoot: a) +0 hand crossbow
Press: ? - help, Shift-Dir - straight line, f - endoplasm
Aim: an endoplasm (wandering, hasn't noticed you, 86% to hit)
You shoot a bolt. The endoplasm quivers.
The bolt hits the endoplasm.
The endoplasm is almost dead.
Something hits you. The endoplasm barely misses you. Something hits you.
* * * LOW HITPOINT WARNING * * *
Shoot: a) +0 hand crossbow
Press: ? - help, Shift-Dir - straight line, f/p - endoplasm
Aim: an endoplasm (almost dead, 86% to hit)
You shoot a bolt. The bolt hits the endoplasm.
You kill the endoplasm!
The Council accepts your kill. Something hits you.
* * * LOW HITPOINT WARNING * * *
It was a potion of curing.
You feel better. Something hits you. Something hits you but does no damage.
Something hits you.
* * * LOW HITPOINT WARNING * * *
Something hits you.
* * * LOW HITPOINT WARNING * * *
Something hits you.
* * * LOW HITPOINT WARNING * * *
Something hits you but does no damage. Something hits you.
* * * LOW HITPOINT WARNING * * *
Something hits you.
You die...

#########
#.......#
#.......## .
#..<.....#######..
#.........##......
#.......#....@....
#†................
#.........#..?....
#.......#.........
#.................
#.......##......
##########......
....... ........


There were no monsters in sight!

Vanquished Creatures
  An adder (D:2)
  A bat (D:3)
  4 endoplasms
  A hobgoblin (D:2)
  2 quokkas
  A frilled lizard (D:3)
  A kobold (D:2)
  2 rats
13 creatures vanquished.

Vanquished Creatures (others)
  A plant (D:1)
  3 withered plants (D:2)
4 creatures vanquished.

Grand Total: 17 creatures vanquished

Notes
Turn   | Place    | Note
-------+----------+-------------------------------------------
     0 | D:1      | lesaewzxc the Kobold Arcane Marksman began the quest for
                  | the Orb.
     0 | D:1      | Reached XP level 1. HP: 12/12 MP: 2/2
   129 | D:1      | Found Yckar's Assorted Antiques.
   136 | D:1      | Bought a lumpy blue potion for 23 gold pieces
   303 | D:1      | Found Fubb's Antique Weapon Shop.
   372 | D:2      | Reached XP level 2. HP: 16/16 MP: 3/3
   458 | D:2      | Found a faded altar of an unknown god.
   483 | D:2      | Prayed at the altar of an unknown god.
   483 | D:2      | Became a worshipper of the Wu Jian Council
   483 | D:2      | Reached * piety under Wu Jian
   641 | D:2      | Found Imitam's Jewellery Shop.
  1018 | D:3      | Reached XP level 3. HP: 20/20 MP: 5/5
  1043 | D:3      | Slain by a goblin

Illustrated notes

Levels and vault maps discovered:
D:1:      onia_arrival_mini_maze_b, layout_loops_corners, serial_shops, shop,
          shop, nicolae_shop_temple_entry_statues_fountains, shop, shop
D:2:      layout_basic, serial_shops, shop_fountains,
          ebering_ecumenical_altar_petrified, serial_aquarium,
          aquarium_bridge_long_joined [aquarium_subvault_bridge,
          aquarium_subvault_balcony, aquarium_subvault_window,
          aquarium_subvault_bridge, aquarium_subvault_wall,
          aquarium_subvault_window], aquarium_bridge_square
          [aquarium_subvault_bridge, aquarium_subvault_bridge,
          aquarium_subvault_window, aquarium_subvault_wall],
          aquarium_window_fake, aquarium_window_fake, aquarium_view_2c,
          aquarium_view_2c, kennysheep_nondescript
D:3:      layout_rooms

Skill      XL: |  1  2 |
---------------+-------+-----
Crossbows      | 3 |  3.1
Fighting       | |  1.6
Dodging        | |  2.8
Spellcasting   | |  1.5
Hexes          | |  3.2

Action                   || total
-------------------------++-------
Melee: Hand crossbow     ||     4
 Fire: Hand crossbow     ||    37
 Cast: Slow              ||     1
  Use: Potion            ||     1
Armor: Robe              ||     5
Dodge: Dodged            ||    14

Table legend: (Time is in decaauts)
 A = Elapsed time spent in this place.
 B = Non-inter-level travel time spent in this place.
 C = Inter-level travel time spent in this place.
 D = Time resting spent in this place.
 E = Time spent auto-exploring this place.
 F = Levels seen in this place.
 G = Mean time per level.
                   A        B        C        D        E       F      G
               +--------+--------+--------+--------+--------+-----+--------+
         Total |   1057 |    965 |     92 |      0 |     39 |   3 |  352.3 |
       Dungeon |   1057 |    965 |     92 |      0 |     39 |   3 |  352.3 |
               +--------+--------+--------+--------+--------+-----+--------+

Top non-repeatable levels by time:
     D:2: 658 daAuts
     D:1: 347 daAuts
     D:3: 52 daAuts
